 Dungeon Crawl Stone Soup version 0.29.1-12-g30fa7ad0bf (webtiles) character file.

Game seed: 16475765366938666215

2 KittyFluff the Trooper (level 1, -2/14 HPs)
             Began as a Gargoyle Berserker on Jan 15, 2023.
             Was a Follower of Trog.
             Slain by a hobgoblin (4 damage)
             ... on level 1 of the Dungeon.
             The game lasted 00:00:20 (43 turns).

KittyFluff the Trooper (Gargoyle Berserker)           Turns: 43, Time: 00:00:21

Health: -2/14      AC:  4    Str: 20    XL:     1   Next: 40%
Magic:  1/1        EV: 11    Int:  7    God:    Trog [*.....]
Gold:   0          SH:  0    Dex:  9    Spells: 0/0 levels left

rFire   . . .      SeeInvis .   a - +0 mace
rCold   . . .      Faith    .   (no shield)
rNeg    + . .      Spirit   .   b - +0 animal skin
rPois   ∞          Reflect  .   (no helmet)
rElec   +          Harm     .   (no cloak)
rCorr   .          Rampage  .   (no gloves)
Will    .....                   (no boots)
Stlth   +.........              (no amulet)
HPRegen 0.04/turn               (no ring)
MPRegen 0.07/turn               (no ring)

@: no status effects
A: sickness immunity, AC +2, negative energy resistance 1, electricity
resistance, torment resistance 1, petrification resistance
a: Renounce Religion, Berserk


You were on level 1 of the Dungeon.
You worshipped Trog.
Trog was aware of your devotion.
You visited 1 branch of the dungeon, and saw 1 of its levels.

Inventory:

Hand Weapons
 a - a +0 mace (weapon)
Missiles
 c - 3 stones (quivered)
 d - 6 poisoned darts
Armour
 b - a +0 animal skin (worn)


   Skills:
 + Level 3.3 Fighting
 * Level 3.0 Maces & Flails
 * Level 2.3 Armour
 + Level 1.6 Dodging


You couldn't memorise any spells.
You didn't know any spells.
Your spell library was empty.

Dungeon Overview and Level Annotations

Branches:
Dungeon (1/15)

Altars:


Innate Abilities, Weirdness & Mutations

You are immune to sickness and miasma.
Your stone body is resilient. (AC +2)
You are immune to poison.
You resist negative energy. (rN+)
You are resistant to electric shocks. (rElec)
You are resistant to unholy torment.
You are immune to petrification.


Message History

You see here a ball python corpse.
Found 13 gold pieces.
You see here 6 poisoned darts.
You see here 6 poisoned darts.
d - 6 poisoned darts A kobold comes into view.
It is wielding a +0 dagger.
The kobold shouts!
You hear an angry hiss.
The kobold throws a stone.
The stone barely misses you.
A hobgoblin comes into view.
The hobgoblin shouts!
The kobold hits you with a +0 dagger.
You see here 13 gold pieces.
You hit the kobold.
The kobold is heavily wounded.
The kobold hits you with a +0 dagger.
A ball python comes into view.
You barely miss the kobold.
The kobold is heavily wounded.
The kobold hits you with a +0 dagger.
You sock the kobold!
You kill the kobold!
Trog accepts your kill.
Things that are here:
a +0 dagger; 4 stones You closely miss the hobgoblin.
The hobgoblin hits you.
You barely miss the hobgoblin. The hobgoblin closely misses you.
You completely miss the hobgoblin. The hobgoblin closely misses you.
You hit the hobgoblin but do no damage. The hobgoblin hits you.
The hobgoblin hits you but does no damage.
You hit the hobgoblin.
The hobgoblin is severely wounded.
The hobgoblin hits you.
* * * LOW HITPOINT WARNING * * *
You barely miss the hobgoblin.
The hobgoblin is severely wounded.
The hobgoblin hits you but does no damage.
You barely miss the hobgoblin.
The hobgoblin is severely wounded.
The hobgoblin hits you.
You die...

##### ##......##
##........##
##..........#
..........).##########..
#.......>....Sg@.......
#...........#.#######..
##...........#.#
.............#..
.#........~..#...
.........~.~.#....
......†..~.~.#.....
........~..~.#......
.......~...~....


You could see a hobgoblin and a ball python.

Vanquished Creatures
  A ball python (D:1)
  A kobold (D:1)
2 creatures vanquished.

Notes
Turn   | Place    | Note
-------+----------+-------------------------------------------
     0 | D:1      | KittyFluff the Gargoyle Berserker began the quest for the
                  | Orb.
     0 | D:1      | Reached XP level 1. HP: 14/14 MP: 1/1
    43 | D:1      | Slain by a hobgoblin

Illustrated notes

Levels and vault maps discovered:
D:1:      ebering_trefoil_3fold, layout_rooms, minmay_distorted

Action                   || total
-------------------------++-------
Melee: Mace              ||    12
Armor: Animal skin       ||     2
Dodge: Dodged            ||     4
